 Dungeon Crawl Stone Soup version 0.24-a0-92-g7d8ec57088 (webtiles) character file.

Game seed: 12886682433664429798

32839 Dhoulmagus the Destroyer (level 13, -1/91 HPs)
             Began as a Mummy Wizard on Feb 9, 2019.
             Was an Initiate of Gozag.
             Killed from afar by an electric eel (9 damage)
             ... with a bolt of electricity
             ... on level 13 of the Dungeon.
             The game lasted 01:52:31 (25949 turns).

Dhoulmagus the Destroyer (Mummy Wizard)            Turns: 25949, Time: 01:52:31

Health: -1/91      AC:  7    Str: 10    XL:     13   Next: 33%
Magic:  19/22      EV: 13    Int: 22    God:    Gozag
Gold:   240        SH:  9    Dex: 11    Spells: 8/24 levels left

rFire    x . .     SeeInvis .   u - +0 whip (elec)
rCold    + . .     Gourm    .   k - +0 buckler (curse)
rNeg     + + +     Faith    .   A - +0 robe {MR+}
rPois    ∞         Spirit   .   D - +0 helmet
rElec    .         Reflect  +   m - +0 cloak
rCorr    .         Harm     .   (no gloves)
MR       ++...                  b - +0 pair of boots
Stlth    ++........             q - +5 amulet of reflection
HPRegen  0.25/turn              n - +1 ring of protection
MPRegen  0.18/turn              (no ring)

@: no status effects
A: no food or potions, fire vulnerability, cold resistance 1, negative energy
resistance 3, torment resistance, unbreathing, in touch with death 1
a: Potion Petition, Call Merchant, Bribe Branch, Renounce Religion


You were on level 13 of the Dungeon.
You worshipped Gozag.
Gozag was aware of your devotion.
You were not hungry.

You visited 1 branch of the dungeon, and saw 13 of its levels.
You visited 1 bazaar.

You collected 4011 gold pieces.
You spent 2066 gold pieces at shops.
You paid 1705 gold pieces to Gozag.

Inventory:

Hand Weapons
 j - the +8 whip "Snakebite" {curare, rPois}
   (You bought it in a shop on level 8 of the Dungeon)

   It poisons the flesh of those it strikes.
   It protects you from poison.
 p - a +0 blowgun
 s - a +2 dagger of venom
 u - a +0 whip of electrocution (weapon)
 B - a +0 morningstar of protection
 H - the +6 trident of Generosity {venom, MR++ Int+6 Stlth-}
   (You found it on level 13 of the Dungeon)

   It poisons the flesh of those it strikes.
   It affects your intelligence (+6).
   It affects your resistance to hostile enchantments.
   It makes you less stealthy.
 I - a +1 dire flail of crushing
Missiles
 c - 2 throwing nets (quivered)
 d - 210 arrows
 o - 21 poisoned needles
Armour
 b - a +0 pair of boots (worn)
 k - a cursed +0 buckler (worn)
 m - a +0 cloak (worn)
 A - a +0 robe of magic resistance (worn)
 D - a +0 helmet (worn)
Jewellery
 n - a +1 ring of protection (left hand)
 q - a +5 amulet of reflection (around neck)
 C - a +2 ring of evasion
Wands
 a - a wand of iceblast (7)
 e - a wand of polymorph (18)
 l - a wand of digging (2)
 r - a wand of flame (14)
 x - a wand of enslavement (3)
 z - a wand of paralysis (12)
 F - a wand of acid (6)
Scrolls
 f - 4 scrolls of remove curse
 g - 9 scrolls of enchant armour
 h - 3 scrolls of enchant weapon
 i - 3 scrolls of teleportation
 t - 3 scrolls of magic mapping
 v - a scroll of fog
 w - 2 scrolls of holy word {unknown}
 y - 2 scrolls of fear {unknown}
 E - a scroll of identify
 G - a scroll of immolation


   Skills:
 - Level 5.3 Fighting
 - Level 8.1 Maces & Flails
 - Level 5.3 Armour
 - Level 4.3 Dodging
 - Level 1.5 Stealth
 - Level 4.0 Shields
 - Level 6.0 Spellcasting
 * Level 9.7 Conjurations
 - Level 6.0 Summonings
 - Level 7.0 Necromancy
 - Level 0.7 Translocations
 - Level 6.0 Ice Magic
 + Level 4.0 Evocations


You had 8 spell levels left.
You knew the following spells:

 Your Spells              Type           Power        Failure   Level  Hunger
a - Magic Dart            Conj           ####         1%          1    N/A
b - Blink                 Tloc           N/A          11%         2    N/A
c - Mephitic Cloud        Conj/Pois/Air  ###.....     7%          3    N/A
d - Conjure Flame         Conj/Fire      ####....     3%          3    N/A
i - Summon Ice Beast      Ice/Summ       ####....     8%          4    N/A
v - Vampiric Draining     Necr           ######....   1%          3    N/A

Your spell library contained the following spells:

 Spells                   Type           Power        Failure   Level  Hunger
 Animate Skeleton         Necr           N/A          1%          1    N/A
 Flame Tongue             Conj/Fire      ####.        1%          1    N/A
 Freeze                   Ice            ####         1%          1    N/A
 Pain                     Necr           ####         1%          1    N/A
 Shock                    Conj/Air       ####         1%          1    N/A
 Call Imp                 Summ           ####....     1%          2    N/A
 Throw Flame              Conj/Fire      ####..       1%          2    N/A
 Throw Frost              Conj/Ice       #####.       1%          2    N/A
 Static Discharge         Conj/Air       ####....     3%          3    N/A
 Throw Icicle             Conj/Ice       #####...     3%          4    N/A
 Animate Dead             Necr           N/A          4%          4    N/A
 Ozocubu's Armour         Chrm/Ice       ###.....     8%          3    N/A
 Sticky Flame             Conj/Fire      ####....     12%         4    N/A
 Slow                     Hex            #.......     14%         2    N/A
 Swiftness                Chrm/Air       #.......     14%         2    N/A
 Inner Flame              Hex/Fire       #.......     26%         3    N/A
 Fireball                 Conj/Fire      ####......   34%         5    N/A
 Lightning Bolt           Conj/Air       ####......   34%         5    N/A
 Airstrike                Air            #.........   65%         4    N/A
 Regeneration             Chrm/Necr      Unusable     N/A         3    N/A

Dungeon Overview and Level Annotations

Branches:
Dungeon (13/15)            Temple (0/1) D:6            Lair (0/6) D:8
    Orc (0/2) D:12         Vaults (0/5) D:13

Altars:
Ashenzari
Cheibriados
Dithmenos
Gozag
Hepliaklqana
Kikubaaqudgha
Makhleb
Nemelex Xobeh
Okawaru
Ru
Sif Muna
Trog
Uskayaw
Xom
Yredelemnul
The Shining One
Beogh

Shops:
D:6 :?   D:8 (   D:11 [

Annotations:
D:12 Rupert


Innate Abilities, Weirdness & Mutations

You do not eat or drink.
Your flesh is vulnerable to fire.
You are immune to poison.
Your flesh is cold resistant. (rC+)
You are immune to negative energy. (rN+++)
You are immune to unholy pain and torment.
You can survive without breathing.
You are in touch with the powers of death.


Message History

The enormous slime creature is heavily wounded.
The enormous slime creature is engulfed in blazing flames.
The slime creature is engulfed in blazing flames.
The slime creature is engulfed in blazing flames.
The slime creature is engulfed in blazing flames.
The slime creature is engulfed in blazing flames.
The electric eel shoots out a bolt of lightning at you!
The bolt of electricity hits you!
* * * LOW HITPOINT WARNING * * *
You see here 15 arrows.
The electric eel shoots out a bolt of lightning at you!
The bolt of electricity hits you!
* * * LOW HITPOINT WARNING * * *
The electric eel shoots out a bolt of lightning at you!
The bolt of electricity hits you.
* * * LOW HITPOINT WARNING * * *
The electric eel shoots out a bolt of lightning at you!
The bolt of electricity hits you!
You die...
Your body crumbles into a pile of gold.

#############
##################...........#
...................#####.#.#.#
##################.#####.#)#.# ##
#...^......# #...#...#<#)#
≈####..........#####.#.#####)#
≈≈##.................#.....#.#
≈≈≈#.####..............###.#.#
...........JJ(JJ@........#,#.#
≈≈≈≈≈#.###.#...........#.#,#.#
≈≈≈≈≈≈..##.≈...≈≈#.#.###...#.#
≈≈≈≈≈≈≈.##.≈..$≈≈≈.#.# **###.#
≈≈≈≈≈≈#..≈.;≈.≈....#.# #.#
≈≈≈≈≈###.≈.≈≈.≈.≈≈≈≈.#######.####
...........≈≈.≈.................#
≈≈≈#####.≈≈...≈≈≈≈≈#.##########..
≈≈######..≈.≈≈≈≈≈≈##..%..........


You could see an enormous slime creature, 3 slime creatures and an electric eel.

Vanquished Creatures
  6 vault guards (D:13)
  A centaur warrior (D:13)
  5 two-headed ogres
  Erica (D:9)
  9 death yaks
  Nergalle (D:11)
  3 ugly things
  2 cyclopes
  A deep elf mage (D:13)
  A manticore (D:11)
  An efreet (D:12)
  A troll (D:11)
  2 slime creatures (D:13)
  2 hornets (D:8)
  2 hippogriffs
  2 wraiths
  A shadow (D:11)
  A wyvern (D:12)
  2 water elementals (D:13)
  20 yaks
  A steam dragon (D:11)
  4 hungry ghosts
  An acid dragon (D:13)
  A soldier ant (D:8)
  8 orc warriors
  6 ice beasts
  5 sky beasts
  2 phantoms (D:11)
  4 ogres
  6 centaurs
  2 big kobolds
  A bullfrog (D:13)
  Blork the orc (D:4)
  A wyvern zombie (D:11)
  A gnoll sergeant (D:8)
  A water moccasin zombie (D:11)
  A water moccasin skeleton (D:8)
  4 scorpions
  5 killer bees (D:10)
  6 howler monkeys
  8 electric eels
  4 crimson imps
  2 bullfrog zombies
  2 quasits
  A centaur zombie (D:9)
  5 hounds
  5 jellies
  4 bullfrog skeletons
  15 orc priests
  2 centaur skeletons
  An iron imp (D:3)
  Ijyb (D:5)
  4 iguanas
  12 orc wizards
  10 worker ants
  A killer bee zombie (D:10)
  A hound zombie (D:11)
  14 adders
  3 gnolls (D:8)
  5 shadow imps
  3 oozes
  3 worms
  A dart slug (D:5)
  3 leopard geckos
  76 orcs
  10 bats
  3 giant cockroaches
  10 hobgoblins
  13 jackals
  12 kobolds
  2 quokkas
  4 frilled lizards
  4 goblins
  7 rats
376 creatures vanquished.

Vanquished Creatures (collateral kills)
  Snorg (D:12)
  2 vault guards (D:13)
  A death yak (D:8)
  3 two-headed ogres
  2 manticores
  A gargoyle (D:13)
  A troll (D:11)
  A hippogriff (D:9)
  2 yaks (D:13)
  A water elemental (D:13)
  A black bear (D:9)
  A crimson imp (D:13)
  A hound (D:9)
  An adder (D:9)
  An adder skeleton (D:9)
  An orc (D:4)
21 creatures vanquished.

Vanquished Creatures (others)
  A troll (D:13)
  A centaur (D:10)
2 creatures vanquished.

Grand Total: 399 creatures vanquished

Notes
Turn   | Place    | Note
-------+----------+-------------------------------------------
     0 | D:1      | Dhoulmagus the Mummy Wizard began the quest for the Orb.
     0 | D:1      | Reached XP level 1. HP: 13/13 MP: 5/5
   118 | D:1      | Reached skill level 1 in Conjurations
   491 | D:1      | Reached XP level 2. HP: 19/19 MP: 5/7
   599 | D:1      | Reached skill level 2 in Conjurations
  1181 | D:2      | Reached XP level 3. HP: 17/24 MP: 4/8
  1185 | D:2      | Learned a level 2 spell: Blink
  1189 | D:2      | Learned a level 3 spell: Mephitic Cloud
  1193 | D:2      | Learned a level 3 spell: Conjure Flame
  1474 | D:2      | Found an opulent altar of Gozag.
  1496 | D:2      | Became a worshipper of Gozag Ym Sagoz the Greedy
  1498 | D:2      | Found a sparkling altar of Nemelex Xobeh.
  1499 | D:2      | Found a hide-covered altar of Uskayaw.
  1530 | D:2      | Found a faded altar of an unknown god.
  1573 | D:2      | Reached skill level 3 in Conjurations
  1707 | D:2      | Reached XP level 4. HP: 24/30 MP: 0/10
  2213 | D:2      | Reached skill level 4 in Conjurations
  2395 | D:3      | Reached XP level 5. HP: 35/35 MP: 0/11
  2921 | D:3      | Found a transporter.
  2957 | D:3      | Found a transporter.
  3079 | D:3      | Noticed Grinder
  3079 | D:3      | Paralysed by Grinder for 3 turns
  3091 | D:3      | Noticed Grinder
  3091 | D:3      | Grinder changed into Grinder the iron imp
  3101 | D:3      | Killed Grinder the iron imp
  3584 | D:3      | Reached skill level 5 in Conjurations
  3594 | D:3      | You fall through a shaft for 3 floors!
  3594 | D:6      | Found Omiam's Book Emporium.
  3705 | D:6      | Found Nazaa's Magic Scroll Shop.
  3714 | D:6      | Bought a book of Frost for 490 gold pieces
  3803 | D:6      | Found a shadowy altar of Dithmenos.
  3818 | D:5      | Entered Level 5 of the Dungeon
  3818 | D:5      | Noticed an ice beast
  3870 | D:5      | Found a snail-covered altar of Cheibriados.
  3870 | D:5      | Found a basalt altar of Yredelemnul.
  3905 | D:6      | Reached XP level 6. HP: 41/41 MP: 9/12
  3925 | D:6      | Learned a level 4 spell: Summon Ice Beast
  3960 | D:6      | Found a staircase to the Ecumenical Temple.
  4125 | D:5      | Found a transporter.
  4125 | D:5      | Noticed Ijyb
  4134 | D:5      | Reached skill level 1 in Ice Magic
  4157 | D:5      | Killed Ijyb
  4246 | D:5      | Found a transporter.
  4260 | D:5      | Found a glowing golden altar of the Shining One.
  4967 | D:5      | Killed an ice beast
  5097 | D:5      | Found a hazy altar of Hepliaklqana.
  5181 | D:5      | Reached XP level 7. HP: 46/46 MP: 8/13
  5559 | D:5      | Reached skill level 1 in Shields
  5593 | D:4      | Noticed Blork the orc
  5889 | D:4      | Killed Blork the orc
  6137 | D:4      | Found a sacrificial altar of Ru.
  7458 | D:6      | Reached skill level 5 in Ice Magic
  7458 | D:6      | Reached XP level 8. HP: 52/52 MP: 11/14
  7554 | D:6      | Found a staircase to the Ecumenical Temple.
  7605 | D:6      | Found a shadowy altar of Dithmenos.
  7735 | D:6      | Found Omiam's Book Emporium.
  7752 | D:6      | Found Nazaa's Magic Scroll Shop.
  7915 | D:7      | Reached skill level 1 in Summonings
  8729 | D:7      | Found a bloodstained altar of Trog.
  9604 | D:8      | Noticed a death yak
  9637 | D:8      | Noticed a two-headed ogre
  9742 | D:8      | Noticed a hornet
  9742 | D:8      | Noticed a hornet
  9747 | D:8      | Killed a hornet
  9747 | D:8      | Reached skill level 1 in Maces & Flails
  9747 | D:8      | Reached skill level 5 in Summonings
  9747 | D:8      | Reached XP level 9. HP: 27/57 MP: 11/15
 10632 | D:8      | Bought a +0 whip of electrocution for 123 gold pieces
 10702 | D:8      | Noticed a death yak
 10703 | D:8      | Noticed a death yak
 10704 | D:8      | Noticed a death yak
 10708 | D:8      | Noticed a death yak
 10709 | D:8      | Noticed a death yak
 10712 | D:8      | Noticed a death yak
 10715 | D:8      | Noticed a death yak
 10870 | D:8      | Found a staircase to the Lair.
 10884 | D:8      | Found a deep blue altar of Sif Muna.
 10884 | D:8      | Found an iron altar of Okawaru.
 10884 | D:8      | Found a bloodstained altar of Trog.
 11182 | D:8      | Reached skill level 1 in Fighting
 11479 | D:8      | Killed a death yak
 11479 | D:8      | Reached skill level 5 in Maces & Flails
 11479 | D:8      | Reached XP level 10. HP: 37/67 MP: 4/16
 11598 | D:8      | Noticed a two-headed ogre
 11612 | D:8      | Killed a two-headed ogre
 11798 | D:8      | Reached skill level 5 in Spellcasting
 11958 | D:8      | Killed a two-headed ogre
 12163 | D:6      | Bought a book of Necromancy for 420 gold pieces
 12167 | D:6      | Learned a level 3 spell: Vampiric Draining
 12381 | D:8      | Killed a death yak
 12546 | D:8      | Killed a death yak
 12546 | D:8      | Reached skill level 5 in Fighting
 13275 | D:8      | Found Ikeuha's Weapon Shop.
 13313 | D:8      | Found a deep blue altar of Sif Muna.
 13364 | D:7      | Killed a death yak
 13364 | D:7      | Reached skill level 1 in Armour
 14080 | D:8      | Killed a death yak
 14080 | D:8      | Reached skill level 5 in Necromancy
 14080 | D:8      | Reached XP level 11. HP: 42/80 MP: 9/20
 14185 | D:8      | Killed a death yak
 14516 | D:8      | Found a bloodstained altar of Trog.
 14681 | D:8      | Found a staircase to the Lair.
 14765 | D:8      | Found an iron altar of Okawaru.
 15140 | D:8      | Killed a death yak
 15266 | D:8      | Killed a death yak
 15344 | D:8      | Found a staircase to the Lair.
 15593 | D:8      | Found a bloodstained altar of Trog.
 15594 | D:8      | Found an iron altar of Okawaru.
 15596 | D:8      | Found a deep blue altar of Sif Muna.
 15966 | D:8      | Found Ikeuha's Weapon Shop.
 17263 | D:9      | Found a burning altar of Makhleb.
 17283 | D:9      | Noticed a two-headed ogre
 17293 | D:9      | Killed a two-headed ogre
 17312 | D:9      | Found a shattered altar of Ashenzari.
 17401 | D:9      | Noticed Erica
 17415 | D:9      | Killed Erica
 17630 | D:10     | Entered Level 10 of the Dungeon
 17645 | D:10     | Reached skill level 6 in Conjurations
 17751 | D:10     | Noticed a two-headed ogre
 17794 | D:10     | Killed a two-headed ogre
 19216 | D:11     | Reached skill level 7 in Conjurations
 20283 | D:11     | Noticed a white ugly thing
 20385 | D:11     | Reached skill level 5 in Armour
 20583 | D:11     | Identified the +4 spear of Bycouph {drain, Int+5}
 20587 | D:11     | Killed a white ugly thing
 20587 | D:11     | Reached XP level 12. HP: 46/86 MP: 8/21
 20707 | D:11     | Noticed Nergalle
 20722 | D:11     | Killed Nergalle
 20722 | D:11     | Reached skill level 8 in Conjurations
 21252 | D:12     | Found a shimmering altar of Xom.
 21589 | D:12     | Noticed Snorg
 21610 | D:12     | Killed Snorg
 21924 | D:8      | Bought the +8 whip "Snakebite" {curare, rPois} for 813 gold
                  | pieces
 21924 | D:8      | Found the +8 whip "Snakebite" {curare, rPois}
 22332 | D:12     | Found a staircase to the Orcish Mines.
 22336 | D:12     | Found a roughly hewn altar of Beogh.
 22505 | D:12     | Noticed a two-headed ogre
 22518 | D:12     | Killed a two-headed ogre
 23090 | D:12     | Noticed Rupert
 23175 | D:13     | Found an ancient bone altar of Kikubaaqudgha.
 23185 | D:13     | Noticed a vault guard
 23187 | D:13     | Noticed a vault guard
 23238 | D:13     | Killed a vault guard
 23248 | D:13     | Killed a vault guard
 23287 | D:13     | Found a gate to the Vaults.
 23407 | D:13     | Noticed a two-headed ogre
 23408 | D:13     | Found a flickering gateway to a bazaar.
 23459 | D:13     | Noticed a centaur warrior
 23464 | Bazaar   | Entered a bazaar
 23478 | Bazaar   | Found Ceinwes's Gadget Emporium.
 23500 | Bazaar   | Found Ymuar's Jewellery Emporium.
 23536 | Bazaar   | Found Faoqok's Magic Scroll Emporium.
 23599 | Bazaar   | Bought a wand of acid (6) for 220 gold pieces
 23665 | D:13     | Killed a centaur warrior
 23749 | D:13     | Noticed a two-headed ogre
 23769 | D:13     | Killed a two-headed ogre
 23775 | D:13     | Noticed a two-headed ogre
 23795 | D:13     | Killed a two-headed ogre
 23795 | D:13     | Reached skill level 1 in Evocations
 23914 | D:13     | Got a blackened trident
 23915 | D:13     | Identified the +6 trident of Generosity {venom, MR++ Int+6
                  | Stlth-} (You found it on level 13 of the Dungeon)
 23930 | D:13     | Noticed a vault guard
 23950 | D:13     | Noticed a vault guard
 23991 | D:13     | Killed a vault guard
 24170 | D:13     | Noticed a vault guard
 24190 | D:13     | Killed a vault guard
 24225 | D:13     | Noticed a vault guard
 24226 | D:13     | Noticed a death yak
 24227 | D:13     | Noticed a death yak
 24273 | D:13     | Killed a two-headed ogre
 24273 | D:13     | Gained mutation: You are in touch with the powers of death.
                  | [Mummy growth]
 24273 | D:13     | Reached XP level 13. HP: 63/91 MP: 12/22
 24453 | D:13     | Reached skill level 9 in Conjurations
 25798 | D:13     | Found an opulent altar of Gozag.
 25949 | D:13     | Killed from afar by an electric eel

Levels and vault maps discovered:
D:1:      enne_arrival_octagon_isle, layout_basic
D:2:      layout_basic, minitemple, chequers_ecumenical_altar_simple_redux
D:3:      gammafunk_wand_slinger, layout_basic, first_ration, grunt_decor_cap,
          uniq_grinder
D:4:      layout_cave_pools, nicolae_overflow_crystal_walls, uniq_blork_the_orc
D:5:      gammafunk_steamed_eel, layout_loops_corners, tso_oasis_becter,
          kennysheep_little_box, nicolae_overflow_hidden_temple, st_stairs_12,
          uniq_ijyb
D:6:      layout_cave_pools, minmay_temple_entry_glassed_door, serial_glass,
          glass_columns_a, glass_columns_b, glass_columns_b, glass_columns_a,
          glass_columns_b, glass_columns_a, serial_shops, shop,
          nicolae_shop_crystal, nicolae_dithmenos_shadow_blocks
D:7:      layout_basic, basic_altar
D:8:      layout_layer_cave, grunt_temple_overflow_open, dpeg_lair_monsters,
          hangedman_pestilent_swarm
D:9:      layout_roguey, basic_altar, bloody_makhleb, uniq_erica
D:10:     layout_gridville
D:11:     minmay_angry_zag, layout_grid_maze, serial_rivers,
          chequers_serial_rivers_marsh, chequers_serial_rivers_room_b,
          chequers_serial_rivers_small_b, chequers_serial_rivers_room_a,
          chequers_serial_rivers_small_a, chequers_serial_rivers_micro_a,
          minmay_mirror_moons_of_madness, uniq_nergalle
D:12:     statuecave_lemuel, layout_grid_maze, david_orc_5, basic_altar,
          uniq_rupert, uniq_snorg
D:13:     argonaut_augean_stables, layout_basic, erik_vaults_2, basic_altar,
          serial_shops, bzr_entry_dummy, nicolae_gozag_seed_capital
Bazaar:   bazaar_long_row

Skill      XL: |  1  2  3  4  5  6  7  8  9 10 11 12 13 |
---------------+----------------------------------------+-----
Conjurations   | 1 2 3 4 5 7 8 9 |  9.7
Ice Magic      | 3 5 6 |  6.0
Shields        | 2 4 |  4.0
Summonings     | 5 6 |  6.0
Maces & Flails | 1 5 8 |  8.1
Fighting       | 2 5 |  5.3
Spellcasting   | 6 |  6.0
Necromancy     | 5 7 |  7.0
Armour         | 1 5 |  5.3
Dodging        | 4 |  4.3
Evocations     | 2 4 |  4.0
Stealth        | |  1.5
Translocations | |  0.7

Action                   |  1- 3 |  4- 6 |  7- 9 | 10-12 | 13-15 || total
-------------------------+-------+-------+-------+-------+-------++-------
Melee: Hand axe          |    30 |       |       |       |       ||    30
       Mace              |    10 |   102 |       |       |       ||   112
       Trident           |       |     4 |    13 |       |       ||    17
       Flail             |       |     2 |    23 |       |       ||    25
       Dagger            |       |       |   114 |       |       ||   114
       Whip              |       |       |    22 |   703 |   110 ||   835
       Morningstar       |       |       |       |       |     8 ||     8
 Fire: Blowgun           |       |       |    52 |    46 |    18 ||   116
 Cast: Magic Dart        |    73 |   148 |   192 |   197 |    16 ||   626
       Mephitic Cloud    |       |     4 |    22 |    27 |     2 ||    55
       Conjure Flame     |       |     2 |    10 |    40 |     9 ||    61
       Blink             |       |       |    10 |     9 |       ||    19
       Summon Ice Beast  |       |       |     5 |    57 |    15 ||    77
       Vampiric Draining |       |       |       |     1 |       ||     1
Invok: Call Merchant     |       |       |     1 |     1 |       ||     2
       Potion Petition   |       |       |       |     1 |     1 ||     2
Evoke: Wand              |       |     4 |     2 |    21 |     7 ||    34
  Use: Scroll            |       |     7 |     6 |     3 |       ||    16
 Stab: Sleeping          |     1 |     2 |       |     1 |       ||     4
       Confused          |       |     4 |     6 |    19 |       ||    29
       Distracted        |       |       |       |     2 |       ||     2
       Paralysed         |       |       |       |     3 |       ||     3
Armor: Robe              |    20 |    33 |    29 |    63 |     4 ||   149
Dodge: Dodged            |    40 |   106 |    70 |   224 |    26 ||   466
Block: Other             |       |       |    22 |       |       ||    22
       Buckler           |       |       |    36 |   228 |    28 ||   292
       Reflection        |       |       |     2 |     6 |     5 ||    13

Table legend:
 A = Non-vault XP
 B = Vault XP
 C = Vault XP percentage of total XP
 D = Non-vault monster count
 E = Vault monster count
 F = Vault count percentage of total count
                 A         B        C        D         E       F
            +---------+---------+-------+---------+---------+-------
      Total |   24322 |   22592 |  48.2 |     313 |      85 |  21.4
            +---------+---------+-------+---------+---------+-------
        D:1 |      28 |       0 |   0.0 |      16 |       0 |   0.0
        D:2 |     157 |       0 |   0.0 |      24 |       0 |   0.0
        D:3 |     147 |     113 |  43.5 |      37 |       5 |  11.9
        D:4 |     197 |      91 |  31.6 |      11 |       1 |   8.3
        D:5 |     263 |     293 |  52.7 |      10 |       6 |  37.5
        D:6 |     231 |       0 |   0.0 |       8 |       0 |   0.0
        D:7 |     911 |     904 |  49.8 |      21 |       1 |   4.5
        D:8 |    4057 |    5819 |  58.9 |      38 |      11 |  22.4
        D:9 |    2213 |     722 |  24.6 |      39 |       1 |   2.5
       D:10 |    2603 |       0 |   0.0 |      26 |       0 |   0.0
       D:11 |    2794 |    2195 |  44.0 |      35 |      13 |  27.1
       D:12 |    3214 |    1613 |  33.4 |      18 |      25 |  58.1
       D:13 |    7507 |   10842 |  59.1 |      30 |      22 |  42.3
            +---------+---------+-------+---------+---------+-------
